 Dungeon Crawl Stone Soup version 0.30-a0-772-g5528072125 (webtiles) character file.

Game seed: 16810374008237804476

8395 lessens the Impaler (level 11, -1/89 HPs)
             Began as a Merfolk Reaver on Feb 7, 2023.
             Was an Elder of Okawaru.
             Succumbed to a killer bee's poison
             ... on level 11 of the Dungeon on Feb 12, 2023.
             The game lasted 00:18:06 (12655 turns).

lessens the Impaler (Merfolk Reaver)               Turns: 12655, Time: 00:18:06

Health: -1/89      AC:  6    Str: 17    XL:     11   Next: 30%
Magic:  14/15      EV: 19    Int: 11    God:    Okawaru [****..]
Gold:   569        SH:  0    Dex: 16    Spells: 13/14 levels left

rFire   . . .      SeeInvis .    N - +2 trident (heavy)
rCold   . . .      Faith    +    (no shield)
rNeg    . . .      Spirit   .    I - +0 steam dragon scales
rPois   .          Reflect  .    (no helmet)
rElec   .          Harm     .    (no cloak)
rCorr   +          Rampage  .    (no gloves)
Will    +....                    (no boots)
Stlth   +++                      p - amulet of faith
HPRegen 0.34/turn                C - ring of willpower
MPRegen 0.14/turn                a - ring of resist corrosion

@: lethally poisoned (-1 -> -11), heroic
A: (nimble swimmer 2), mertail, agile 1, high MP 1
a: Renounce Religion, Heroism, Finesse


You were on level 11 of the Dungeon.
You worshipped Okawaru.
Okawaru was greatly pleased with you.
You visited 2 branches of the dungeon, and saw 13 of its levels.

You collected 569 gold pieces.

Inventory:

Hand Weapons
 t - the +7 spear of the Tired Loafs {vamp, Stlth+}
   (You found it on level 3 of the Dungeon)

   Stlth:     It makes you more stealthy.
 N - a +2 heavy trident (weapon)
Missiles
 d - an atropa-tipped dart
 e - 93 stones
 m - 3 boomerangs
 o - 20 poisoned darts
 L - a curare-tipped dart
 P - a boomerang of dispersal
Armour
 b - a +0 leather armour
 g - a +0 scale mail
 h - a +0 ring mail
 I - +0 steam dragon scales (worn)
 Q - a scarf of repulsion
Jewellery
 a - a ring of resist corrosion (right hand)
 p - an amulet of faith (around neck)
 C - a ring of willpower (left hand)
 O - a ring of fire
Wands
 w - a wand of light (4)
 F - a wand of polymorph (13)
 M - a wand of flame (4)
Scrolls
 c - 4 scrolls of teleportation
 i - a scroll of acquirement {unknown}
 j - a scroll of enchant armour {unknown}
 r - 2 scrolls of amnesia {unknown}
 u - 3 scrolls of fear
 v - a scroll of blinking {unknown}
 x - 2 scrolls of magic mapping {unknown}
 y - a scroll of poison {unknown}
 B - 2 scrolls of vulnerability {unknown}
 E - a scroll of enchant weapon {unknown}
 K - 2 scrolls of noise {unknown}
Potions
 f - a potion of invisibility
 k - a potion of brilliance
 l - 3 potions of flight
 n - 3 potions of cancellation
 q - a potion of attraction {unknown}
 s - a potion of haste {unknown}
 z - 4 potions of resistance
 A - 4 potions of curing
 D - a potion of degeneration {unknown}
 G - a potion of heal wounds
 H - a potion of berserk rage {unknown}
 J - 2 potions of mutation


   Skills:
 + Level 9.1(14.1) Fighting
 * Level 18.2(23.2) Polearms
 - Level 8.1(13.1) Dodging
 - Level 2.0 Spellcasting
 - Level 2.4 Conjurations


You had 13 spell levels left.
You knew the following spells:

 Your Spells              Type           Power      Damage    Failure   Level
a - Kiss of Death         Conj/Necr      12%        2d6       19%         1

Your spell library contained the following spells:

 Spells                   Type           Power      Damage    Failure   Level
 Momentum Strike          Conj/Tloc      6%         3d8       26%         2
 Necrotise                Necr           4%         1d4       28%         1
 Cigotuvi's Dreadful Rot  Necr/Pois/Air  2%         N/A       41%         2
 Poisonous Vapours        Pois/Air       2%         N/A       41%         2
 Dazzling Flash           Conj/Hex       6%         N/A       47%         3
 Hailstorm                Conj/Ice       3%         3d3       47%         3
 Mephitic Cloud           Conj/Pois/Air  2%         N/A       54%         3
 Vampiric Draining        Necr           1%         2d6       65%         3
 Ice Form                 Ice/Tmut       1%         N/A       96%         4
 Agony                    Necr           1%         N/A       100%        5
 Silence                  Hex/Air        0%         N/A       100%        5
 Simulacrum               Ice/Necr       Unusable   N/A       N/A         6

Dungeon Overview and Level Annotations

Branches:
Dungeon (12/15) Zot: 26982  Temple (1/1) D:7 Zot: 5799    Lair (0/5) D:10
    Orc: D:9-12

Altars:
Ashenzari
Cheibriados
Dithmenos
Elyvilon
Fedhas
Gozag
Hepliaklqana
Kikubaaqudgha
Makhleb
Nemelex Xobeh
Okawaru
Qazlal
Ru
Sif Muna
Trog
Uskayaw
Vehumet
Wu Jian
Xom
Yredelemnul
Zin
The Shining One

Shops:
D:1 =(:   D:7 =   D:12 [(

Annotations:
D:10 exclusion: ice statue
Temple 2 transporters


Innate Abilities, Weirdness & Mutations

((You are very nimble when in or above water. (Stealth+, EV+, Speed+++)))
Your lower body shifts to a powerful aquatic tail in water.
You are agile. (Dex +4, Str/Int -1)
You have an increased reservoir of magic. (+10% MP)


Message History

The killer bee barely misses you.
The killer bee stings you but does no damage.
You miss the killer bee.
You feel sick.
You are no longer poisoned.
The killer bee misses you. The killer bee completely misses you.
The killer bee misses you. The killer bee stings you.
* * * LOW HITPOINT WARNING * * *
You gain the combat prowess of a mighty hero.
The killer bee stings you.
* * * LOW HITPOINT WARNING * * *
The killer bee stings you but does no damage.
The killer bee misses you. The killer bee completely misses you.
You barely miss the killer bee.
The killer bee stings you but does no damage.
The killer bee misses you. The killer bee completely misses you.
The killer bee misses you.
You impale the killer bee!!
You kill the killer bee!
Okawaru accepts your kill. The killer bee misses you.
The killer bee stings you but does no damage.
The killer bee barely misses you.
You see here a killer bee corpse.
You closely miss the killer bee. The killer bee completely misses you.
The killer bee stings you!
* * * LOW HITPOINT WARNING * * *
You miss the killer bee. The killer bee stings you.
* * * LOW HITPOINT WARNING * * *
You are poisoned.
The killer bee poisons you! The killer bee closely misses you.
You hit the killer bee.
The killer bee is lightly wounded.
You feel sick. The killer bee stings you.
* * * LOW HITPOINT WARNING * * *
You are lethally poisoned!
The killer bee poisons you! The killer bee stings you.
* * * LOW HITPOINT WARNING * * *
You barely miss the killer bee.
The killer bee is lightly wounded.
You die...

#......####..#............
#.........#..#............
#.........#..###+#########
#.........#...............
###......####...............
.........#..................
#.........####..>............
.............yo..............
............@#...######......
.............#...#....#######
............'...'....... #
............#...'....... #
..........###...#....... #
.........#.....#....... #
#####...#.....######## #
#####............. ...
....................


You could see a killer bee and an orc.

Vanquished Creatures
  A two-headed ogre (D:9)
  Pikel (D:9)
  An elephant (D:10)
  2 kobold demonologists
  4 yaks
  A wraith (D:9)
  A basilisk (D:10)
  4 steam dragons
  2 orc warriors (D:11)
  A sky beast (D:8)
  10 ice beasts
  5 black bears
  3 centaurs
  An ogre (D:6)
  3 phantoms (D:6)
  2 kobold brigands
  A lemure (D:9)
  3 bullfrogs
  2 necrophages
  5 scorpions
  7 wights
  12 killer bees
  7 electric eels (D:10)
  A crimson imp (D:4)
  2 hounds
  4 jellies
  A gnoll bouda (D:6)
  9 orc priests
  2 iguanas (D:6)
  10 orc wizards
  6 gnolls
  7 adders
  2 white imps
  An ufetubus (D:7)
  A worm (D:3)
  2 dart slugs
  28 orcs
  4 bats
  10 endoplasms
  A giant cockroach (D:3)
  11 hobgoblins
  7 jackals (D:4)
  6 ball pythons
  5 frilled lizards
  10 goblins
  19 kobolds
  6 rats
234 creatures vanquished.

Notes
Turn   | Place    | Note
-------+----------+-------------------------------------------
     0 | D:1      | lessens the Merfolk Reaver began the quest for the Orb.
     0 | D:1      | Reached XP level 1. HP: 16/16 MP: 3/3
    88 | D:1      | Found Baasuuqe's Book Emporium.
    94 | D:1      | Found Zifeth's Weapon Emporium.
   131 | D:1      | Reached XP level 2. HP: 22/22 MP: 5/5
   313 | D:1      | Reached skill level 5 in Polearms
   471 | D:1      | Found Utuumur's Jewellery Shop.
   685 | D:1      | Found a faded altar of an unknown god.
   703 | D:1      | Reached XP level 3. HP: 26/27 MP: 6/6
  1293 | D:2      | Gained mutation: You are agile. (Dex +4, Str/Int -1)
                  | [potion of mutation]
  1293 | D:2      | Gained mutation: You have an increased reservoir of magic.
                  | (+10% MP) [potion of mutation]
  1465 | D:2      | Reached skill level 6 in Polearms
  1580 | D:2      | Reached XP level 4. HP: 33/33 MP: 7/7
  2140 | D:3      | Found a shimmering altar of Xom.
  2404 | D:3      | Reached XP level 5. HP: 29/29 MP: 8/8
  2531 | D:3      | Identified the +7 spear of the Tired Loafs {vamp, Stlth+}
  2693 | D:3      | Reached skill level 7 in Polearms
  2812 | D:4      | Noticed a black bear
  3015 | D:4      | Noticed a black bear
  3191 | D:4      | Killed a black bear
  3192 | D:4      | Reached skill level 8 in Polearms
  3192 | D:4      | Reached XP level 6. HP: 29/44 MP: 9/9
  3318 | D:4      | Killed a black bear
  3319 | D:4      | Reached skill level 5 in Dodging
  3521 | D:4      | Reached XP level 7. HP: 50/50 MP: 11/11
  3536 | D:4      | Reached skill level 9 in Polearms
  4066 | D:5      | Entered Level 5 of the Dungeon
  4165 | D:5      | Reached skill level 10 in Polearms
  4608 | D:5      | Reached XP level 8. HP: 56/56 MP: 12/12
  4770 | D:6      | Reached skill level 11 in Polearms
  5134 | D:6      | Reached skill level 12 in Polearms
  5340 | D:6      | Reached XP level 9. HP: 61/63 MP: 13/13
  5741 | D:7      | Found Xej Dargh's Jewellery Emporium.
  5952 | D:7      | Reached skill level 13 in Polearms
  6017 | D:7      | Found a staircase to the Ecumenical Temple.
  6026 | Temple   | Entered the Ecumenical Temple
  6026 | Temple   | Found a transporter.
  6026 | Temple   | Found a transporter.
  6028 | Temple   | Found a transporter.
  6028 | Temple   | Found a transporter.
  6048 | Temple   | Became a worshipper of Warmaster Okawaru
  6755 | D:7      | Reached skill level 5 in Fighting
  6755 | D:7      | Reached skill level 14 in Polearms
  7959 | D:8      | Reached * piety under Okawaru
  8008 | D:8      | Found a glowing golden altar of the Shining One.
  8144 | D:8      | Found a sacrificial altar of Ru.
  8210 | D:8      | Reached XP level 10. HP: 72/76 MP: 14/14
  8518 | D:9      | Reached skill level 15 in Polearms
  8743 | D:9      | Reached ** piety under Okawaru
  9378 | D:9      | Reached skill level 16 in Polearms
  9738 | D:9      | Noticed Pikel
  9749 | D:9      | Killed Pikel
 10036 | D:9      | Found a stormy altar of Qazlal.
 10051 | D:9      | Noticed a two-headed ogre
 10059 | D:9      | Killed a two-headed ogre
 10059 | D:9      | Reached *** piety under Okawaru
 10403 | D:9      | Found a radiant altar of Vehumet.
 10530 | D:10     | Entered Level 10 of the Dungeon
 10998 | D:10     | Reached skill level 17 in Polearms
 11086 | D:10     | Noticed an ice statue
 11114 | D:10     | Reached XP level 11. HP: 76/87 MP: 15/15
 11229 | D:10     | Found a staircase to the Lair.
 11254 | D:10     | Reached **** piety under Okawaru
 11476 | D:9      | Upgraded the game from 0.30-a0-743-gbfdf073431 to
                  | 0.30-a0-772-g5528072125
 12097 | D:10     | Reached skill level 18 in Polearms
 12272 | D:11     | Received a gift from Okawaru
 12461 | D:11     | Noticed a skeletal warrior
 12463 | D:11     | Noticed a soul eater
 12637 | D:12     | Found Avotroji's Antique Weapon Shop.
 12637 | D:12     | Found Fuich's Antique Armour Boutique.
 12654 | D:11     | HP: 2/89 [killer bee (4)]
 12655 | D:11     | Succumbed to a killer bee's poison

Illustrated notes

Levels and vault maps discovered:
D:1:      eino_arrival_druids_welcome, layout_loops_cross,
          ebering_ecumenical_altar_box, serial_shops,
          nicolae_shop_bloodbath_and_beyond, shop, nicolae_shop_crystal
D:2:      layout_basic, st_stairs_13
D:3:      layout_loops_ring, mainiacjoe_overflow_chevrons, minmay_cut_off
D:4:      layout_loops_ring, minmay_fire_ice_demons
D:5:      layout_rooms, nicolae_concentric_dashed_squares_wild
D:6:      layout_loops_cross
D:7:      layout_layer_cave, minmay_temple_entry_mini_moons, serial_shops,
          nicolae_shop_window_shopping
D:8:      layout_loops_ring, nicolae_ru_sacrificial_ziggurat,
          general_overflow_altar
D:9:      layout_layer_cave, vehumet_altar_wand_db,
          nicolae_qazlal_eye_of_the_storm, uniq_pikel
D:10:     minmay_twisted_water, layout_loops_ring, david_lair_generic,
          minmay_misc_feat_room
D:11:     layout_irregular_city, david_orc_3
D:12:     layout_big_octagon, portal_ice_cave_entry_imps, serial_shops,
          nicolae_shop_stone, nicolae_stop_n_shop_1, minmay_crystal_room,
          nicolae_uskayaw_suspiria
Temple:   hellmonk_temple_divided_pantheon

Skill      XL: |  1  2  3  4  5  6  7  8  9 10 11 |
---------------+----------------------------------+-----
Polearms       | 5 6 8 10 12 14 17 18 | 18.2
Dodging        | 3 4 5 6 8 |  8.1
Fighting       | 3 6 8 9 |  9.1
Spellcasting   | |  2.0
Conjurations   | |  2.4

Action                     |  1- 3 |  4- 6 |  7- 9 | 10-12 || total
---------------------------+-------+-------+-------+-------++-------
  Melee: Spear             |   168 |   134 |   398 |       ||   700
         Punch             |       |     2 |    10 |     3 ||    15
         Trident           |       |       |       |   230 ||   230
         Tailslap          |       |       |       |     2 ||     2
   Cast: Kiss of Death     |       |     2 |       |       ||     2
 Invoke: Heroism           |       |       |       |     2 ||     2
  Evoke: Wand              |       |       |     2 |    10 ||    12
    Use: Potion            |     2 |       |       |     1 ||     3
         Scroll            |       |       |     5 |     7 ||    12
   Stab: Invisible         |     2 |       |       |       ||     2
         Sleeping          |       |     2 |     7 |     2 ||    11
         Distracted        |       |     1 |     1 |       ||     2
 Armour: Leather armour    |     5 |       |       |       ||     5
         Ring mail         |    12 |    24 |    15 |       ||    51
         Scale mail        |     1 |       |       |       ||     1
         Steam dragon scal |       |       |    11 |    60 ||    71
  Dodge: Dodged            |    67 |    54 |    87 |   194 ||   402

Table legend: (Time is in decaauts)
 A = Elapsed time spent in this place.
 B = Non-inter-level travel time spent in this place.
 C = Inter-level travel time spent in this place.
 D = Time resting spent in this place.
 E = Time spent auto-exploring this place.
 F = Levels seen in this place.
 G = Mean time per level.
                   A        B        C        D        E       F      G
               +--------+--------+--------+--------+--------+-----+--------+
         Total |  12326 |  11815 |    511 |   1136 |   8842 |  13 |  948.2 |
       Dungeon |  12126 |  11615 |    511 |    975 |   8842 |  12 | 1010.5 |
        Temple |    200 |    200 |      0 |    161 |      0 |   1 |  200.0 |
               +--------+--------+--------+--------+--------+-----+--------+

Top non-repeatable levels by time:
     D:9: 2432 daAuts
     D:7: 1477 daAuts
    D:10: 1321 daAuts
     D:4: 1199 daAuts
     D:6: 1054 daAuts
     D:8: 996 daAuts
     D:2: 965 daAuts
     D:1: 936 daAuts
     D:3: 885 daAuts
     D:5: 541 daAuts
    D:11: 313 daAuts
  Temple: 200 daAuts
    D:12: 2 daAuts
